AoeStats
← DirtyRat4578

MegaRandom

510229273Analyzed
4v4 RM · 1d ago on Sep 30, 2026· 43m 9s· 8 players
Game mode
Random Map
Map size
Large (8 player)
Population
200
Speed
Normal
Resources
Standard
Victory
Conquest
Starting age
Dark Age
Ending age
Imperial Age
RankedLock teamsTeams togetherTeam positionsShared explorationLock speedFull tech treeHidden civsTurbo modeCheats
Victory
Defeat
🇺🇸 Persians · United States
1219
+17
🇺🇸 Portuguese · United States
1197
+18
🇨🇳 Mongols · China
1189
+18
🇺🇸 Magyars · United States
1135
+20
🇬🇧 Vietnamese · United Kingdom
1309
-22
🇨🇦 Aztecs · Canada
1285
-20
🇺🇸 Tatars · United States
1245
-19
🇺🇸 Turks · United States
1084
-12
Empire
3:23 Loom
11:48 Feudal Age
15:50 Double-Bit Axe
15:47 Horse Collar
18:35 Castle Age
20:10 Medium Warships
21:37 Fishing Lines
24:54 Bow Saw
29:12 Fletching
30:45 Ballistics
30:35 Masonry
30:41 Corvinian Army
31:18 Heavy Plow
31:37 Bodkin Arrow
34:24 Scale Barding Armor
35:33 Chain Barding Armor
35:38 Bloodlines
35:46 Husbandry
35:58 Padded Archer Armor
37:04 Wheelbarrow
39:56 Imperial Age
38:12 Leather Archer Armor
38:55 Hand Cart
38:47 Gold Mining
38:49 Stone Mining
39:25 Thumb Ring
40:01 Elite Magyar Huszar
41:05 Conscription
42:00 Plate Barding Armor
Flave Tycoon
11:21 Feudal Age
12:11 Town Watch
15:53 Castle Age
14:38 Scale Barding Armor
14:44 Forging
14:42 Double-Bit Axe
14:40 Horse Collar
21:02 Bloodlines
23:03 Bow Saw
25:38 Wheelbarrow
33:03 Imperial Age
31:25 Hand Cart
30:56 Loom
35:32 Conscription
35:55 Chain Barding Armor
36:11 Iron Casting
34:59 Cavalier
35:42 Husbandry
38:22 Plate Barding Armor
38:49 Blast Furnace
38:14 Kamandaran
39:24 Savar
40:20 Light Cavalry
41:17 Fletching
41:02 Hussar
TheGallant"CTH"
5:19 Loom
12:15 Feudal Age
13:09 Double-Bit Axe
15:50 Castle Age
15:10 Fletching
17:00 Bodkin Arrow
17:18 Padded Archer Armor
20:14 Wheelbarrow
19:51 Bow Saw
20:13 Medium Warships
21:39 Crossbowman
22:30 Horse Collar
25:15 Leather Archer Armor
27:52 Forging
28:11 Elite Skirmisher
29:56 Hand Cart
38:43 Imperial Age
38:02 Masonry
37:47 Murder Holes
38:14 Ballistics
38:13 Gold Mining
38:13 Stone Mining
40:29 Chemistry
40:04 Conscription
41:35 Elite Caravel
XGPU1741
4:52 Loom
11:31 Feudal Age
12:13 Double-Bit Axe
18:23 Castle Age
16:24 Fishing Lines
17:09 Gold Mining
17:52 Stone Mining
19:44 Bow Saw
20:54 Gillnets
22:08 Wheelbarrow
23:22 Stone Shaft Mining
22:58 Horse Collar
26:36 Heavy Plow
32:08 Imperial Age
30:11 Fletching
31:06 Thumb Ring
31:30 Bodkin Arrow
31:58 Ballistics
33:11 Bracer
32:55 Capped Ram
34:26 Conscription
36:13 Light Cavalry
37:08 Forging
37:05 Scale Barding Armor
36:39 Onager
38:07 Elite Mangudai
39:05 Hussar
39:46 Husbandry
39:56 Bloodlines
41:52 Caravan
DirtyRat4578
11:29 Loom
13:16 Feudal Age
14:21 Double-Bit Axe
22:49 Castle Age
27:38 Horse Collar
32:18 Bloodlines
32:09 Husbandry
32:04 Fletching
35:50 Thumb Ring
35:44 Bodkin Arrow
35:50 Padded Archer Armor
onesecimpoopin
6:59 Loom
9:51 Feudal Age
11:07 Wheelbarrow
10:22 Double-Bit Axe
15:24 Forging
16:08 Scale Barding Armor
16:55 Bloodlines
21:03 Castle Age
19:54 Gold Mining
20:25 Fletching
20:36 Padded Archer Armor
21:54 Bloodlines
22:07 Stone Mining
23:20 Bow Saw
26:30 Bodkin Arrow
27:45 Leather Archer Armor
28:21 Husbandry
29:16 Ballistics
30:13 Hand Cart
30:54 Iron Casting
31:32 Chain Barding Armor
33:44 Silk Armor
I Move Soft
12:51 Feudal Age
13:27 Double-Bit Axe
15:30 Loom
18:15 Castle Age
20:15 Medium Warships
20:57 Bow Saw
30:59 Forging
35:03 Eagle Warrior
35:44 Squires
37:39 Wheelbarrow
36:56 Fishing Lines
38:11 Redemption
38:12 Fervor
38:22 Sanctity
39:05 Hand Cart
40:52 Iron Casting
40:18 Scale Mail Armor
44:30 Imperial Age
43:38 Fortified Wall
Calum1Ltv
12:27 Feudal Age
13:50 Double-Bit Axe
15:05 Loom
17:43 Castle Age
15:41 Gold Mining
16:08 Fletching
18:40 Bow Saw
18:27 Bodkin Arrow
18:25 Horse Collar
19:52 Medium Warships
27:12 Imperial Age
28:56 Chemistry
28:16 Bracer
28:48 Town Watch
30:24 Wheelbarrow
32:30 Padded Archer Armor
33:27 Leather Archer Armor
36:42 Elite Skirmisher
38:19 Ring Archer Armor
37:23 Pikeman
39:48 Heavy Warships
43:22 Siege Engineers
Connection lost

Rejoining the realm…

Still unreachable

The connection could not be restored.

Session expired

The server has moved on; the page needs a fresh start.